 Dungeon Crawl Stone Soup version 0.23.2 (webtiles) character file.

Game seed: 11782363528296564310

97 Kairos the Cudgeler (level 4, -1/29 HPs)
             Began as a Gargoyle Monk on Apr 4, 2019.
             Slain by a black bear (2 damage)
             ... while paralysed by Grinder
             ... on level 3 of the Dungeon.
             The game lasted 00:03:04 (1915 turns).

Kairos the Cudgeler (Gargoyle Monk)                 Turns: 1915, Time: 00:03:05

Health: -1/29      AC: 16    Str: 20    XL:     4   Next: 68%
Magic:  4/4        EV:  2    Int: 12    God:
Gold:   157        SH:  0    Dex: 12    Spells: 3/3 levels left

rFire    + + .     SeeInvis .   o - +0 whip (curse)
rCold    x . .     Gourm    .   (no shield)
rNeg     + . .     Faith    .   f - +0 fire dragon scales
rPois    ∞         Spirit   .   (no helmet)
rElec    +         Reflect  .   m - +0 cloak
rCorr    .         Harm     .   k - +0 pair of gloves
MR       .....                  (no boots)
Stlth    ..........             (no amulet)
HPRegen  0.09/turn              d - +4 ring of strength
MPRegen  0.09/turn              (no ring)

@: paralysed
A: molten scales 1, clever 1, negative energy resistance 1, electricity
resistance, unbreathing, petrification resistance, rot immunity, MP-powered
wands, AC +3
a: no special abilities


You were on level 3 of the Dungeon.
You were hungry.

You visited 1 branch of the dungeon, and saw 3 of its levels.

You collected 157 gold pieces.

Inventory:

Hand Weapons
 a - a +0 mace
 o - a cursed +0 whip (weapon)
Armour
 f - +0 fire dragon scales (worn)
 k - a +0 pair of gloves (worn)
 m - a +0 cloak (worn)
Jewellery
 d - a +4 ring of strength (left hand)
Scrolls
 b - a scroll of noise
 e - 3 scrolls of teleportation
 h - 2 scrolls of remove curse
 l - a scroll of blinking {unknown}
Potions
 g - 2 potions of brilliance
 i - a potion of might
 j - 2 potions of cancellation
Comestibles
 c - 8 rations


   Skills:
 + Level 3.8 Fighting
 + Level 4.0 Maces & Flails
 + Level 2.0 Armour
 + Level 2.7 Dodging
 + Level 2.4 Stealth


You had 3 spell levels left.
You didn't know any spells.
Your spell library was empty.

Dungeon Overview and Level Annotations

Branches:
Dungeon (3/15)

Altars:
Elyvilon
Zin
The Shining One

Annotations:
D:3 Grinder


Innate Abilities, Weirdness & Mutations

You are resistant to torment.
Your stone body is resilient. (AC +3)
You are immune to poison.
You resist negative energy. (rN+)
You are resistant to electric shocks. (rElec)
You can survive without breathing.
You are immune to petrification.
You are immune to rotting.
You are partially covered in molten scales. (AC +2)
Your mind is acute. (Int +2)
You expend magic power (3 MP) to strengthen your wands.


Message History

Grinder hits you but does no damage.
A hobgoblin comes into view.
Grinder hits you.
You writhe in agony.
The black bear bites you.
The black bear claws you but does no damage. x2
The hobgoblin shouts!
Grinder hits you.
The black bear bites you but does no damage.
The black bear claws you but does no damage. x2
Grinder says, "Just stop there for a second..."
Grinder blinks!
The black bear bites you. The black bear claws you.
* * * LOW HITPOINT WARNING * * *
The black bear claws you but does no damage.
The black bear bites you.
* * * LOW HITPOINT WARNING * * *
The black bear claws you.
* * * LOW HITPOINT WARNING * * *
The black bear claws you.
* * * LOW HITPOINT WARNING * * *
The black bear bites you.
You die...

#.########.#.###......†...#
.......###.#.# #..........#
#.####.....#.###....÷.....#
#>#####..............#.####
#.......##.###.......#.#
#.#.##......#..###..##.#
....######.5..# ##..# .#
.......#......###...# ##
.........#..#...@...#
........##..###h##..#
......#..#..##...##.#
......#......#g..# ##
.......)..)..#...#
.................# #
#.###............#... #.#
#...>..........# #.#
#........<...###


You could see Grinder, a black bear and a hobgoblin.

Vanquished Creatures
  3 adders
  An ooze (D:1)
  A dart slug (D:1)
  A leopard gecko (D:2)
  A ball python (D:3)
  2 giant cockroaches (D:2)
  10 goblins
  7 hobgoblins
  4 jackals (D:3)
  A quokka (D:3)
  11 bats
  3 frilled lizards (D:2)
  10 kobolds
  3 rats (D:1)
58 creatures vanquished.

Notes
Turn   | Place    | Note
-------+----------+-------------------------------------------
     0 | D:1      | Kairos the Gargoyle Monk began the quest for the Orb.
     0 | D:1      | Reached XP level 1. HP: 14/14 MP: 1/1
   496 | D:1      | Reached XP level 2. HP: 19/19 MP: 2/2
   628 | D:1      | Reached XP level 3. HP: 21/23 MP: 3/3
   975 | D:1      | Gained mutation: You expend magic power (3 MP) to
                  | strengthen your wands. [potion of mutation]
   975 | D:1      | Gained mutation: You are partially covered in molten
                  | scales. (AC +2) [potion of mutation]
   975 | D:1      | Gained mutation: Your mind is acute. (Int +2) [potion of
                  | mutation]
  1065 | D:2      | Reached skill level 1 in Armour
  1220 | D:2      | Found a glowing silver altar of Zin.
  1220 | D:2      | Found a glowing golden altar of the Shining One.
  1220 | D:2      | Found a white marble altar of Elyvilon.
  1414 | D:2      | Reached XP level 4. HP: 26/29 MP: 4/4
  1783 | D:3      | Reached skill level 4 in Maces & Flails
  1818 | D:3      | Noticed Grinder
  1834 | D:3      | Noticed a black bear
  1909 | D:3      | Paralysed by Grinder for 6 turns
  1914 | D:3      | HP: 1/29 [black bear (1)]
  1915 | D:3      | Slain by a black bear

Skill      XL: |  1  2  3  4 |
---------------+-------------+-----
Armour         | 1 2 |  2.0
Maces & Flails | 4 |  4.0
Fighting       | |  3.8
Dodging        | |  2.7
Stealth        | |  2.4

Action                   |  1- 3 |  4- 6 || total
-------------------------+-------+-------++-------
Melee: Mace              |   145 |     6 ||   151
       Whip              |       |    57 ||    57
  Use: Scroll            |     3 |     4 ||     7
       Potion            |     1 |       ||     1
  Eat: Chunk             |     1 |     2 ||     3
Armor: Robe              |     7 |       ||     7
       Fire dragon scale |    83 |    68 ||   151
Dodge: Dodged            |    94 |    50 ||   144
